 Dungeon Crawl Stone Soup version 0.19-a0-585-ge40200b (webtiles) character file.

259 nubinia the Shooter (level 5, -3/35 HPs)
             Began as a High Elf Hunter on June 9, 2016.
             Slain by Menkaure (7 damage)
             ... on level 4 of the Dungeon.
             The game lasted 00:15:05 (4764 turns).

nubinia the Shooter (High Elf Hunter)               Turns: 4764, Time: 00:15:05

Health: -3/35      AC:  3    Str: 11    XL:     5   Next: 95%
Magic:  6/6        EV: 18    Int: 18    God:
Gold:   131        SH:  3    Dex: 21    Spells: 0 memorised, 4 levels left

rFire  . . .     SeeInvis .     b - +1 short sword (venom)
rCold  . . .     Gourm    .     c - +0 leather armour
rNeg   . . .     Faith    .     (no shield)
rPois  .         Spirit   .     (no helmet)
rElec  .         Dismiss  .     (no cloak)
rCorr  .         Reflect  +     (no gloves)
SustAt .         Harm     .     (no boots)
MR     .....                    r - +3 amulet of reflection
Stlth  ++++......               y - ring of stealth
                                x - +3 ring of intelligence

@: agile, very slightly contaminated, hasted, very quick, not resistant to
hostile enchantments, stealthy
A: no striking features
a: no special abilities


You were on level 4 of the Dungeon.
You were not hungry.

You visited 1 branch of the dungeon, and saw 4 of its levels.

You collected 131 gold pieces.

Inventory:

Hand Weapons
 a - a +1 shortbow
 b - a +1 short sword of venom (weapon)
 o - a +0 short sword
Missiles
 d - 55 arrows
Armour
 c - a +0 leather armour (worn)
Jewellery
 r - a +3 amulet of reflection (around neck)
 x - a +3 ring of intelligence (left hand)
 y - a ring of stealth (right hand)
Scrolls
 e - 3 scrolls of remove curse
 g - 3 scrolls of fear
 k - a scroll of immolation {unknown}
 p - a scroll of teleportation {unknown}
 t - a scroll of blinking {unknown}
 v - a scroll of random uselessness {unknown}
 w - a scroll of enchant armour {unknown}
Potions
 h - a potion of agility
 l - a potion of flight
 u - a potion of magic {unknown}
Comestibles
 f - 5 bread rations
 i - 4 meat rations
 n - a beef jerky
 q - a slice of pizza
 z - a chunk of flesh


   Skills:
 + Level 2.6 Fighting
 + Level 2.5 Short Blades
 + Level 7.0 Bows
 + Level 2.1 Armour
 + Level 3.1 Dodging
 + Level 2.0 Stealth


You had 4 spell levels left.
You didn't know any spells.

Dungeon Overview and Level Annotations

Branches:
Dungeon (4/15)
 Temple: D:4-7

Altars:
Qazlal
Uskayaw

Annotations:
D:4 Menkaure


Message History

Menkaure barely misses you.
You hit Menkaure but do no damage.
Menkaure is lightly damaged.
You hit Menkaure.
Menkaure is moderately damaged.
Menkaure barely misses you.
You hit Menkaure.
Menkaure is moderately damaged.
Menkaure barely misses you.
You hit Menkaure but do no damage.
Menkaure is moderately damaged.
Menkaure sighs a few words.
Menkaure calls on the powers of darkness!
Your body is wracked with pain!
You feel better. Menkaure hits you!
* * * LOW HITPOINT WARNING * * *
It was a potion of agility.
You feel agile all of a sudden. Menkaure hits you!
You die...

#.#.#....## #..###.###
##.## ##.## #.## ##.#
#..## ##.## #..<###.##
...#.#.###########
......##.........#
.........#######@#
......##.# #M# #
......##.# #.# ####.#
.........# #.# #.M..#
.....#.#.# #.###.#
....[#.#.# #.#...#
...###.#.#######.#.###
.#####.#.............#
........####.#######.#


You could see Menkaure.

Vanquished Creatures
  3 worker ants (D:4)
  7 adders
  5 oozes
  3 worms
  3 dart slugs
  5 giant geckos
  2 orcs (D:3)
  16 bats
  5 giant cockroaches
  5 goblins
  10 hobgoblins
  2 jackals (D:1)
  3 quokkas
  A giant gecko skeleton (D:4)
  5 giant newts
  7 kobolds
  8 rats
90 creatures vanquished.

Notes
Turn   | Place    | Note
--------------------------------------------------------------
     0 | D:1      | nubinia the High Elf Hunter began the quest for the Orb.
     0 | D:1      | Reached XP level 1. HP: 14/14 MP: 2/2
   699 | D:1      | Reached XP level 2. HP: 18/19 MP: 3/3
   850 | D:1      | Reached skill level 6 in Bows
  1580 | D:1      | Reached XP level 3. HP: 24/24 MP: 4/4
  2370 | D:2      | Reached skill level 1 in Armour
  2820 | D:2      | Reached XP level 4. HP: 24/30 MP: 5/5
  2979 | D:2      | Reached skill level 1 in Short Blades
  3194 | D:2      | Found a stormy altar of Qazlal.
  3682 | D:3      | Found a hide-covered altar of Uskayaw.
  3711 | D:3      | Reached XP level 5. HP: 35/35 MP: 6/6
  4308 | D:4      | Reached skill level 7 in Bows
  4741 | D:4      | Noticed Menkaure
  4764 | D:4      | Slain by Menkaure

Vault maps used:
D:1:      dpeg_arrival_tiny_a
D:2:      lemuel_coloured_pillars_altar, kennysheep_generic_room_13
D:3:      lemuel_round_altar, first_bread
D:4:      kennysheep_mini_moat, led_sif_book, uniq_menkaure

Skill      XL: |  1  2  3  4  5 |
---------------+----------------+-----
Bows           | 6 7 |  7.0
Armour         | 1 2 |  2.1
Short Blades   | 1 2 |  2.5
Dodging        | 3 |  3.1
Stealth        | 2 |  2.0
Fighting       | |  2.6

Action                   |  1- 3 |  4- 6 || total
-------------------------+-------+-------++-------
Melee: Short sword       |   160 |   110 ||   270
 Fire: Shortbow          |     8 |    39 ||    47
  Use: Scroll            |     1 |     5 ||     6
       Potion            |       |     4 ||     4
 Stab: Sleeping          |     1 |     3 ||     4
  Eat: Chunk             |     6 |     6 ||    12
Armor: Leather armour    |    30 |    15 ||    45
Dodge: Dodged            |   101 |    64 ||   165
Block: Other             |       |     3 ||     3
